 Dungeon Crawl Stone Soup version 0.20.1-1-g8b1a95d (console) character file.

7041 hilaritas the Fighter (level 11, 0/136 HPs)
             Began as a Merfolk Monk on Jan 25, 2018.
             Was a High Priest of Okawaru.
             Slain by hilaritas's ghost (14 damage)
             ... on level 10 of the Dungeon.
             The game lasted 00:24:11 (9460 turns).

hilaritas the Fighter (Merfolk Monk)                Turns: 9460, Time: 00:24:12

Health: 0/136      AC: 25    Str: 20    XL:     11   Next: 9%
Magic:  15/16      EV:  2    Int: 10    God:    Okawaru [*****.]
Gold:   541        SH:  0    Dex: 16    Spells: 4/10 levels left

rFire    . . .     SeeInvis .   r - +1 trident
rCold    . . .     Gourm    .   (no shield)
rNeg     + + +     Faith    .   (armour currently unavailable)
rPois    +         Spirit   .   (helmet currently unavailable)
rElec    .         Reflect  .   (cloak currently unavailable)
rCorr    .         Harm     .   (gloves currently unavailable)
MR       +....     NoTele   +   (boots currently unavailable)
Stlth    ++++......             (no amulet)
Regen    0.4/turn               b - +5 ring of slaying
MPRegen  0.2/turn               k - ring of protection from magic

@: mighty, tree-form, heroism
A: (change form in water), (swift swim), (stealthy swim)
a: Heroism, Finesse, Renounce Religion


You were on level 10 of the Dungeon.
You worshipped Okawaru.
Okawaru was extremely pleased with you.
You were hungry.
You were a tree.
You visited 1 branch of the dungeon, and saw 10 of its levels.

You collected 541 gold pieces.

Inventory:

Hand Weapons
 a - a +0 spear
 r - a +1 trident (weapon)
 D - a +2 scimitar of flaming
 J - the +3 spear of the Mind {antimagic, *Rage Str+4 Int+2 Dex+3}
   (You found it on level 9 of the Dungeon)

   It reduces the magical energy of the wielder, and disrupts the spells and
   magical abilities of those hit.
   Natural abilities and divine invocations are not affected.
   It affects your strength (+4).
   It affects your intelligence (+2).
   It affects your dexterity (+3).
   It may make you go berserk in combat.
Missiles
 z - 2 tomahawks (quivered)
 H - 2 curare-tipped needles
Armour
 q - a +1 cloak (melded)
 u - a cursed +0 helmet (melded)
 B - a cursed +0 ring mail (melded)
Jewellery
 b - a +5 ring of slaying (left branch)
 k - a ring of protection from magic (right branch)
 K - an uncursed ring of flight
Wands
 t - a wand of iceblast (10/15)
 w - a wand of iceblast (7/15)
 y - a wand of enslavement (12/24)
 C - a wand of flame (33/48)
 G - a wand of iceblast (10/15)
Scrolls
 g - 2 scrolls of enchant weapon
 m - 4 scrolls of remove curse
 n - 2 scrolls of magic mapping
 o - 5 scrolls of teleportation
Potions
 e - 5 potions of curing
 h - 2 potions of invisibility
 i - 2 potions of lignification
 l - 3 potions of flight
 p - 2 potions of might
 v - 2 potions of brilliance
 E - a potion of cancellation
 F - a potion of ambrosia {unknown}
 I - 2 potions of haste {unknown}
Books
 x - a book of Battle

   Spells                             Type                      Level
   a - Infusion                       Charms                       1
   b - Shroud of Golubria             Charms/Translocation         2
   c - Song of Slaying                Charms                       2
   d - Spectral Weapon                Hexes/Charms                 3
   e - Regeneration                   Charms/Necromancy            3
 A - a book of Maledictions

   Spells                             Type                      Level
   a - Corona                         Hexes                        1
   b - Ensorcelled Hibernation        Hexes/Ice                    2
   c - Confuse                        Hexes                        3
   d - Tukima's Dance                 Hexes                        3
   e - Dazzling Spray                 Conjuration/Hexes            3
Comestibles
 c - 8 bread rations
 d - 2 royal jellies
 f - 3 fruits
 j - 9 meat rations


   Skills:
 - Level 10.2(15.2) Fighting
 - Level 10.0(15.0) Polearms
 + Level 6.2(11.2) Armour
 - Level 10.0(15.0) Dodging
 - Level 2.1(7.1) Stealth
 * Level 7.2 Invocations


You had 4 spell levels left.
You knew the following spells:

 Your Spells              Type           Power        Failure   Level  Hunger
a - Spectral Weapon       Hex/Chrm       #.......     75%         3    ####...
b - Regeneration          Chrm/Necr      #.........   75%         3    ####...


Dungeon Overview and Level Annotations

Branches:
Dungeon (10/15)            Temple (0/1) D:6            Lair (0/6) D:9
    Orc: D:9-12

Altars:
Dithmenos
Gozag
Hepliaklqana
Okawaru
Ru
Sif Muna
Vehumet
Yredelemnul
Zin

Shops:
D:4 :

Annotations:
D:10 hilaritas's ghost, journeyman TrHu


Message History

The centaur hits you.
* * * LOW HITPOINT WARNING * * *
You feel much better.
The centaur hits you but does no damage. x2
Hilaritas's ghost hits you but does no damage.
The centaur completely misses you.
The centaur hits you but does no damage.
You impale hilaritas's ghost!!
Hilaritas's ghost is moderately damaged.
Hilaritas's ghost hits you!!
* * * LOW HITPOINT WARNING * * *
The centaur hits you but does no damage.
You completely miss hilaritas's ghost. You punch hilaritas's ghost!
Hilaritas's ghost is heavily damaged.
The centaur hits you but does no damage. x2
You puncture hilaritas's ghost!
Hilaritas's ghost is heavily damaged.
The centaur hits you but does no damage.
Hilaritas's ghost hits you!
You die...

................
#................
#.....(..........
#...(..(.........
#................
#................
#...(.....W......
#.......(♣c......
###........c.......
#<....(.(........$.
###...(............
#...(............
#................
#................
#...?............
.........?......
###.............
#............


You could see 2 centaurs and hilaritas's ghost.

Vanquished Creatures
  Erica (D:8)
  2 two-headed ogres
  The ghost of hilaritas the Cleaver, a novice FoFi of Okawaru (D:8)
  Pikel (D:9)
  An elephant (D:9)
  3 hippogriffs
  Eustachio (D:6)
  2 basilisks (D:9)
  A hungry ghost (D:8)
  2 orc warriors
  4 phantoms
  A sky beast (D:7)
  2 black bears (D:8)
  2 ogres
  2 slaves (D:9)
  2 centaurs
  4 bullfrogs
  A scorpion (D:6)
  A water moccasin skeleton (D:9)
  2 howler monkeys
  A crimson imp (D:5)
  A bullfrog zombie (D:6)
  3 jellies
  Crazy Yiuf (D:3)
  2 hounds
  A centaur skeleton (D:4)
  2 orc priests
  6 orc wizards
  4 bullfrog skeletons
  3 iguanas
  A statue (D:9)
  6 worker ants
  3 hound skeletons
  2 hound zombies
  7 adders
  3 gnolls (D:2)
  A shadow imp (D:6)
  2 oozes
  3 adder zombies
  A worm (D:4)
  An adder skeleton (D:8)
  3 dart slugs
  A leopard gecko (D:8)
  17 orcs
  7 bats
  3 giant cockroaches
  7 goblins
  6 hobgoblins
  12 jackals
  7 quokkas
  5 ball pythons
  3 frilled lizards
  A giant cockroach zombie (D:5)
  A jackal skeleton (D:4)
  9 kobolds
  9 rats
181 creatures vanquished.

Vanquished Creatures (others)
  A slave (D:9)
1 creature vanquished.

Grand Total: 182 creatures vanquished

Notes
Turn   | Place    | Note
-------+----------+-------------------------------------------
     0 | D:1      | hilaritas the Merfolk Monk began the quest for the Orb.
     0 | D:1      | Reached XP level 1. HP: 18/18 MP: 1/1
   201 | D:1      | Reached XP level 2. HP: 24/24 MP: 2/2
   515 | D:1      | Reached skill level 5 in Polearms
   622 | D:1      | Reached XP level 3. HP: 24/30 MP: 3/3
  1156 | D:2      | Reached XP level 4. HP: 36/37 MP: 4/4
  1241 | D:2      | Found a deep blue altar of Sif Muna.
  1869 | D:3      | Noticed a bullfrog
  1877 | D:3      | Killed a bullfrog
  1877 | D:3      | Reached XP level 5. HP: 42/43 MP: 5/5
  2055 | D:3      | Reached skill level 5 in Dodging
  2062 | D:3      | Reached XP level 6. HP: 38/49 MP: 6/6
  2421 | D:3      | Found a runed door.
  2425 | D:3      | Noticed Crazy Yiuf
  2434 | D:3      | Killed Crazy Yiuf
  2521 | D:4      | Found Zuaxiwn's Book Shoppe.
  2726 | D:4      | Found a shadowy altar of Dithmenos.
  2830 | D:4      | Found an iron altar of Okawaru.
  2836 | D:4      | Became a worshipper of Warmaster Okawaru
  2836 | D:4      | Reached * piety under Okawaru
  2836 | D:4      | Reached ** piety under Okawaru
  3187 | D:5      | Entered Level 5 of the Dungeon
  3239 | D:5      | Reached skill level 5 in Fighting
  3322 | D:5      | Found a basalt altar of Yredelemnul.
  3371 | D:5      | Reached XP level 7. HP: 30/56 MP: 7/7
  3538 | D:5      | Reached skill level 1 in Invocations
  3856 | D:5      | Reached skill level 10 in Polearms
  3954 | D:5      | Reached *** piety under Okawaru
  4229 | D:6      | Reached XP level 8. HP: 54/64 MP: 9/9
  4330 | D:6      | Reached skill level 1 in Armour
  4378 | D:6      | Noticed Eustachio
  4397 | D:6      | Killed Eustachio
  4559 | D:6      | Found a sacrificial altar of Ru.
  4592 | D:6      | Noticed a hippogriff
  4605 | D:6      | Killed a hippogriff
  5023 | D:6      | Found a staircase to the Ecumenical Temple.
  5321 | D:7      | Learned a level 3 spell: Spectral Weapon
  5325 | D:7      | Learned a level 3 spell: Regeneration
  5473 | D:7      | Reached **** piety under Okawaru
  5473 | D:7      | Reached XP level 9. HP: 56/72 MP: 11/11
  5974 | D:7      | Found a hazy altar of Hepliaklqana.
  6635 | D:8      | Noticed Erica
  6651 | D:8      | Killed Erica
  6651 | D:8      | Reached skill level 5 in Invocations
  6829 | D:8      | Reached ***** piety under Okawaru
  6852 | D:8      | Noticed hilaritas's ghost (novice FoFi)
  6884 | D:8      | Killed hilaritas's ghost
  6884 | D:8      | Reached XP level 10. HP: 40/83 MP: 12/14
  7526 | D:8      | Noticed a two-headed ogre
  7533 | D:8      | Killed a two-headed ogre
  7542 | D:8      | Received a gift from Okawaru
  8027 | D:8      | Found a glowing silver altar of Zin.
  8028 | D:8      | Found an opulent altar of Gozag.
  8149 | D:9      | Got a transparent spear
  8150 | D:9      | Identified the +3 spear of the Mind {antimagic, *Rage Str+4 Int+2 Dex+3} (You found it on level 9 of the Dungeon)
  8260 | D:9      | Found a radiant altar of Vehumet.
  8326 | D:9      | Reached skill level 10 in Fighting
  8450 | D:9      | Noticed Pikel
  8467 | D:9      | Killed Pikel
  8467 | D:9      | Reached skill level 5 in Armour
  8467 | D:9      | Reached skill level 10 in Dodging
  8540 | D:9      | Noticed a two-headed ogre
  8552 | D:9      | Killed a two-headed ogre
  9065 | D:9      | Noticed an elephant
  9086 | D:9      | Killed an elephant
  9086 | D:9      | Received a gift from Okawaru
  9086 | D:9      | Reached XP level 11. HP: 61/91 MP: 16/16
  9286 | D:9      | Found a staircase to the Lair.
  9435 | D:10     | Entered Level 10 of the Dungeon
  9444 | D:10     | Noticed hilaritas's ghost (journeyman TrHu)
  9455 | D:10     | HP: 10/136 [hilaritas's ghost (13)]
  9460 | D:10     | Slain by hilaritas's ghost

Skill      XL: |  1  2  3  4  5  6  7  8  9 10 11 |
---------------+----------------------------------+-----
Polearms       | 5 6 7 9 10 | 10.0
Fighting       | 4 5 7 9 10 | 10.2
Dodging        | 5 7 9 10 | 10.0
Invocations    | 2 3 5 6 7 |  7.2
Armour         | 2 4 5 6 |  6.2
Stealth        | |  2.1

Action                   |  1- 3 |  4- 6 |  7- 9 | 10-12 || total
-------------------------+-------+-------+-------+-------++-------
Melee: Spear             |   102 |    98 |       |    41 ||   241
       Tailslap          |     2 |       |       |       ||     2
       Trident           |       |    44 |   308 |   143 ||   495
       Punch             |       |       |     3 |     1 ||     4
Throw: Tomahawk          |       |       |       |     1 ||     1
Invok: Heroism           |       |       |     3 |     2 ||     5
Evoke: Wand              |       |       |       |     3 ||     3
  Use: Scroll            |     5 |     7 |     7 |     3 ||    22
       Potion            |       |       |     2 |     3 ||     5
 Stab: Sleeping          |     3 |     8 |     1 |       ||    12
       Distracted        |       |       |       |     3 ||     3
  Eat: Chunk             |     1 |     7 |    11 |     8 ||    27
       Fruit             |       |       |       |     3 ||     3
Armor: Robe              |     3 |       |       |       ||     3
       Ring mail         |     8 |    19 |    61 |    32 ||   120
       Skin              |       |       |       |    16 ||    16
Dodge: Dodged            |    37 |    30 |   163 |    76 ||   306
